 Dungeon Crawl Stone Soup version 0.28-a0-1447-ga5a8893891 (webtiles) character file.

Game seed: 16845139958118731697

16 knot the Chopper (level 2, 28/36 HPs)
             Began as a Demonspawn Berserker on Jan 12, 2022.
             Was a Follower of Trog.
             Quit the game on level 2 of the Dungeon.
             The game lasted 00:00:43 (343 turns).

knot the Chopper (Demonspawn Berserker)              Turns: 343, Time: 00:00:43

Health: 28/36      AC:  4    Str: 17    XL:     2   Next: 37%
Magic:  2/2        EV: 12    Int:  8    God:    Trog [*.....]
Gold:   0          SH:  0    Dex: 12    Spells: 1/1 levels left

rFire   . . .      SeeInvis .   a - +0 hand axe
rCold   . . .      Faith    .   (no shield)
rNeg    . . .      Spirit   .   b - +0 animal skin
rPois   .          Reflect  .   (no helmet)
rElec   .          Harm     .   (no cloak)
rCorr   .          Rampage  .   (no gloves)
Will    +....                   (no boots)
Stlth   ..........              (no amulet)
HPRegen 0.12/turn               f - ring of willpower
MPRegen 0.08/turn               (no ring)

@: berserking, mildly poisoned (28 -> 23), very quick
A: icy blue scales 1
a: Renounce Religion, Berserk


You were on level 2 of the Dungeon.
You worshipped Trog.
Trog was aware of your devotion.
You visited 1 branch of the dungeon, and saw 2 of its levels.

Inventory:

Hand Weapons
 a - a +0 hand axe (weapon)
Missiles
 d - 22 stones (quivered)
Armour
 b - a +0 animal skin (worn)
Jewellery
 f - a ring of willpower (left hand)
Scrolls
 c - 2 scrolls of fear {unknown}
 e - a scroll of enchant armour {unknown}


   Skills:
 - Level 3.0 Fighting
 * Level 3.2 Axes
 * Level 1.0 Throwing
 - Level 1.7 Armour
 - Level 1.7 Dodging


You had one spell level left.
You didn't know any spells.
Your spell library was empty.

Dungeon Overview and Level Annotations

Branches:
Dungeon (1/15)

Altars:


Innate Abilities, Weirdness & Mutations

You are partially covered in icy blue scales. (AC +2)


Message History

Your Axes skill increases to level 3!
You start resting.
You feel a strong urge to attack something.
You start resting.
You feel your anger nearly subside.
You are no longer berserk.
You are exhausted.
You feel yourself slow down.
You start resting.
You feel yourself speed up.
You start resting.
You recover from your berserk rage.
You start resting.
HP restored.
d - 13 stones (gained 1)
d - 15 stones (gained 2)
d - 17 stones (gained 2)
d - 18 stones (gained 1)
d - 19 stones (gained 1)
d - 21 stones (gained 2)
d - 22 stones (gained 1)
Found a faded altar of an unknown god.
Found an escape hatch in the floor.
Found 15 bolts.
An adder comes into view.
An adder is nearby!
An adder is nearby!
The adder hisses angrily.
A red film seems to cover your vision as you go berserk!
You feel yourself moving faster!
You feel mighty! The adder bites you.
You are poisoned.
The adder poisons you!
You slash the adder!
You kill the adder!
Trog accepts your kill.
You feel sick.
Your Throwing skill increases to level 1!
You have reached level 2!
Your demonic ancestry asserts itself...
Icy blue scales grow over part of your body.
Are you sure you want to abandon this character and quit the game? (Confirm with "yes".)

##.## #...# #...# #...# ##
#...# ..#
##########...######.# #
.................##.# .#
###########.####.##.###..#
................@##......
#.........#.###..†...#
#.#######.#.# #......+ #
......... ..#
#......###.##
#......##.###
#...#.......###
.......##.#
#...#.#.≈≈≈.....
..........#
#...#.#.$_≈.###.
....#.######
#....>..$≈≈....
.............
......#.....###


There were no monsters in sight!

Vanquished Creatures
  An adder (D:2)
  A worm (D:2)
  A goblin (D:1)
  A bat (D:1)
  A frilled lizard (D:1)
5 creatures vanquished.

Notes
Turn   | Place    | Note
-------+----------+-------------------------------------------
     0 | D:1      | knot the Demonspawn Berserker began the quest for the Orb.
     0 | D:1      | Reached XP level 1. HP: 18/18 MP: 1/1
   151 | D:1      | You fall into a shaft and drop 1 floor!
   328 | D:2      | Found a faded altar of an unknown god.
   343 | D:2      | Reached skill level 1 in Throwing
   343 | D:2      | Gained mutation: You are partially covered in icy blue
                  | scales. (AC +2) [demonic ancestry]
   343 | D:2      | Reached XP level 2. HP: 24/24 MP: 2/2
   343 | D:2      | Quit the game

Illustrated notes

Levels and vault maps discovered:
D:1:      tarquinn_simple_flora_water_b, layout_rooms, serial_shops,
          shop_fountains, minivault_23, serial_bayou_pond_b
D:2:      layout_basic, hellmonk_ecumenical_altar_pennies_from_heaven,
          uniq_natasha

Skill      XL: |  1 |
---------------+----+-----
Axes           | 3 |  3.2
Throwing       | 1 |  1.0
Fighting       | |  3.0
Armour         | |  1.7
Dodging        | |  1.7

Action                   || total
-------------------------++-------
Melee: Hand axe          ||    14
Throw: Stone             ||    11
Invok: Berserk           ||     2
 Stab: Sleeping          ||     1
Armor: Animal skin       ||     2
Dodge: Dodged            ||     9

Table legend: (Time is in decaauts)
 A = Elapsed time spent in this place.
 B = Non-inter-level travel time spent in this place.
 C = Inter-level travel time spent in this place.
 D = Time resting spent in this place.
 E = Time spent auto-exploring this place.
 F = Levels seen in this place.
 G = Mean time per level.
                   A        B        C        D        E       F      G
               +--------+--------+--------+--------+--------+-----+--------+
         Total |    352 |    352 |      0 |     73 |    207 |   2 |  176.0 |
       Dungeon |    352 |    352 |      0 |     73 |    207 |   2 |  176.0 |
               +--------+--------+--------+--------+--------+-----+--------+

Top non-repeatable levels by time:
     D:2: 199 daAuts
     D:1: 152 daAuts
